AoeStats
← Dr_DanglePeen_AD

QS Arena

503329811Analyzed
4v4 RM · 1mo ago on Aug 31, 2026· 84m 17s· 8 players
Game mode
Random Map
Map size
Large (8 player)
Population
200
Speed
Normal
Resources
Standard
Victory
Conquest
Starting age
Dark Age
Ending age
Imperial Age
RankedLock teamsTeams togetherTeam positionsShared explorationLock speedFull tech treeHidden civsTurbo modeCheats
Victory
Defeat
🇮🇳 Franks · India
1222
+15
🇮🇳 Wu · India
1196
+16
🇺🇸 Vikings · United States
1168
+18
🇺🇸 Italians · United States
1137
+19
🇺🇸 Franks · United States
1234
-18
🇳🇿 Wei · New Zealand
1233
-18
🇦🇺 Aztecs · Australia
1205
-17
🇨🇳 Persians · China
1146
-14
Mikey
8:01 Feudal Age
9:01 Loom
10:24 Loom
13:27 Castle Age
11:25 Double-Bit Axe
11:48 Horse Collar
15:08 Gold Mining
16:01 Fletching
17:20 Bodkin Arrow
19:30 Padded Archer Armor
22:10 Red Cliffs Tactics
23:28 Leather Archer Armor
27:48 Ballistics
30:26 Imperial Age
32:26 Scale Mail Armor
32:37 Forging
33:19 Masonry
32:41 Pikeman
33:22 Squires
33:08 Arson
33:20 Halberdier
35:21 Chain Mail Armor
36:44 Plate Mail Armor
43:51 Architecture
47:58 Elite Skirmisher
49:14 Crossbowman
53:14 Iron Casting
77:56 Blast Furnace
Dr_DanglePeen_AD
8:20 Feudal Age
12:56 Castle Age
15:36 Double-Bit Axe
19:44 Horse Collar
20:29 Bow Saw
23:53 Chieftains
25:26 Loom
28:15 Imperial Age
26:32 Heavy Plow
26:48 Town Watch
27:56 Scale Mail Armor
28:07 Forging
28:29 Elite Berserk
29:31 Conscription
29:40 Chain Mail Armor
30:05 Iron Casting
30:10 Gold Mining
31:36 Plate Mail Armor
32:00 Town Patrol
33:16 Blast Furnace
33:21 Siege Engineers
36:35 Fortified Wall
36:39 Heavy Scorpion
44:37 Squires
44:22 Arson
68:02 Elite Skirmisher
68:36 Fletching
68:47 Padded Archer Armor
74:39 Bodkin Arrow
75:00 Leather Archer Armor
78:42 Ballistics
79:22 Chemistry
John Wick Jr.
8:00 Feudal Age
9:23 Loom
11:59 Castle Age
10:12 Double-Bit Axe
10:09 Horse Collar
13:42 Bow Saw
14:05 Heavy Plow
18:11 Stone Mining
20:18 Wheelbarrow
20:33 Gold Mining
21:42 Hand Cart
26:26 Imperial Age
24:09 Fletching
24:19 Padded Archer Armor
25:09 Ballistics
25:01 Fortified Wall
25:04 Masonry
24:34 Treadmill Crane
25:04 Bodkin Arrow
26:12 Leather Archer Armor
27:34 Conscription
28:19 Two-Man Saw
27:50 Crop Rotation
27:58 Stone Shaft Mining
27:38 Bracer
28:09 Ring Archer Armor
29:44 Scale Barding Armor
29:50 Forging
30:29 Husbandry
30:40 Bloodlines
29:50 Light Cavalry
31:03 Pirotechnia
31:58 Chemistry
31:32 Hussar
33:02 Thumb Ring
36:24 Chain Barding Armor
36:40 Iron Casting
38:00 Plate Barding Armor
39:30 Caravan
39:52 Silk Road
38:53 Elite Genoese Crossbowman
55:19 Bombard Tower
63:50 Architecture
78:24 Capped Ram
Sandeep_D_Cranky
7:31 Feudal Age
8:09 Double-Bit Axe
14:17 Castle Age
15:23 Bow Saw
21:24 Wheelbarrow
23:52 Gold Mining
27:34 Hand Cart
31:52 Imperial Age
30:00 #83
30:04 Scale Barding Armor
30:09 Forging
31:11 Chain Barding Armor
30:53 Husbandry
30:15 Light Cavalry
32:10 Iron Casting
33:09 Coinage
32:03 Cavalier
32:46 Chivalry
33:06 Conscription
33:24 Plate Barding Armor
33:16 Paladin
36:18 Blast Furnace
35:24 Pikeman
36:04 Squires
36:13 Capped Ram
39:13 Halberdier
41:01 Scale Mail Armor
43:22 Elite Skirmisher
46:44 Fletching
46:57 Padded Archer Armor
48:18 Bodkin Arrow
48:39 Leather Archer Armor
48:19 Bodkin Arrow
50:33 Chemistry
iamjackscolon
6:57 Loom
8:52 Feudal Age
12:00 Wheelbarrow
14:43 Castle Age
13:19 Double-Bit Axe
13:29 Gold Mining
18:52 Bow Saw
22:55 Hand Cart
29:50 Imperial Age
27:35 Scale Mail Armor
28:38 Chain Mail Armor
29:29 Forging
29:45 #83
30:53 Iron Casting
30:59 Conscription
31:25 Plate Mail Armor
32:30 Chemistry
32:30 Husbandry
32:05 Elite Throwing Axeman
33:13 Fletching
34:24 Blast Furnace
32:50 Pikeman
33:32 Squires
33:17 Arson
33:49 Bodkin Arrow
34:13 Padded Archer Armor
34:33 Scale Barding Armor
35:17 Ballistics
34:53 Murder Holes
35:03 Siege Engineers
35:08 Masonry
34:32 Halberdier
36:19 Leather Archer Armor
38:23 Hoardings
37:23 Elite Skirmisher
39:32 Chain Barding Armor
41:14 Hoardings
42:26 Cavalier
43:43 Plate Barding Armor
47:22 Fortified Wall
47:43 Architecture
57:29 Light Cavalry
70:39 Onager
FinRahZel
7:10 Feudal Age
8:23 Double-Bit Axe
9:17 Horse Collar
14:16 Castle Age
15:49 Fletching
16:14 Bow Saw
17:31 Loom
24:51 Wheelbarrow
24:57 Gold Mining
29:35 Imperial Age
31:38 Chemistry
34:45 Fortified Wall
34:59 Hand Cart
37:53 Scale Mail Armor
38:03 Forging
37:40 Pikeman
38:26 Halberdier
39:06 Squires
39:22 Chain Mail Armor
39:59 Iron Casting
41:18 Caravan
40:48 Man-at-Arms
41:53 Conscription
41:47 Tuntian
41:44 Arson
43:00 Blast Furnace
41:56 Long Swordsman
42:49 Two-Handed Swordsman
48:58 Scale Barding Armor
48:15 Heavy Hei Guang Cavalry
48:56 Husbandry
49:06 Bloodlines
50:54 Chain Barding Armor
51:12 Ming Guang Armor
56:44 Light Cavalry
58:05 Hussar
65:28 Ballistics
Jimi
8:14 Feudal Age
12:04 Castle Age
10:30 Double-Bit Axe
10:42 Horse Collar
14:05 Gold Mining
14:29 Bow Saw
18:45 Sanctity
19:31 Fervor
19:45 Heavy Plow
22:48 Wheelbarrow
24:42 Hand Cart
26:48 Stone Mining
29:46 Imperial Age
27:34 Loom
27:35 Town Watch
29:34 Gold Shaft Mining
29:18 Scale Mail Armor
29:28 Forging
29:33 Redemption
30:50 Block Printing
31:01 Illumination
31:12 Theocracy
31:08 Conscription
30:10 Elite Jaguar Warrior
31:08 Chain Mail Armor
31:28 Iron Casting
32:12 Onager
34:22 Fletching
35:14 Garland Wars
35:45 Siege Engineers
35:38 Murder Holes
35:24 Treadmill Crane
38:27 Plate Mail Armor
38:57 Blast Furnace
38:50 Bodkin Arrow
38:48 Siege Onager
40:49 Padded Archer Armor
41:03 Atlatl
41:46 Crop Rotation
41:35 Fortified Wall
41:38 Bracer
41:02 Elite Skirmisher
55:33 Ballistics
56:14 Chemistry
59:16 Leather Archer Armor
67:14 Caravan
72:39 Capped Ram
75:46 Siege Ram
Gimme pocket or quit
8:16 Feudal Age
12:34 Castle Age
11:24 Double-Bit Axe
11:21 Horse Collar
13:28 Bow Saw
18:55 Wheelbarrow
19:08 Gold Mining
21:06 Stone Mining
22:28 Gold Shaft Mining
23:23 Heavy Plow
24:29 Loom
24:30 Town Watch
27:22 Imperial Age
25:17 Hand Cart
25:26 Forging
25:22 Scale Barding Armor
26:22 Husbandry
26:33 Bloodlines
26:59 Iron Casting
27:33 Chain Barding Armor
27:07 Cavalier
28:10 Conscription
29:17 Two-Man Saw
29:32 Blast Furnace
28:35 Savar
30:21 Plate Barding Armor
33:35 Crop Rotation
34:44 Stone Shaft Mining
35:50 Heavy Camel Rider
37:55 Chemistry
37:05 Masonry
36:54 Fletching
37:06 Padded Archer Armor
37:31 Bodkin Arrow
39:08 Leather Archer Armor
39:18 Guilds
39:38 Coinage
40:03 Citadels
40:29 Hoardings
40:26 Architecture
40:17 Ballistics
40:29 Ring Archer Armor
39:37 Pikeman
40:18 Squires
40:03 Arson
40:20 Scale Mail Armor
41:19 Halberdier
42:16 Chain Mail Armor
43:42 Plate Mail Armor
49:02 Light Cavalry
49:54 Kamandaran
49:18 Crossbowman
50:03 Thumb Ring
51:26 Hussar
61:40 Caravan
76:23 Caravan
Connection lost

Rejoining the realm…

Still unreachable

The connection could not be restored.

Session expired

The server has moved on; the page needs a fresh start.